AoeStats
← HoraryCase23899

Northern Isles

510970324Analyzed
1v1 RM · 11h ago on Oct 3, 2026· 29m 45s· 2 players
Game mode
Random Map
Map size
Tiny (2 player)
Population
200
Speed
Normal
Resources
Standard
Victory
Conquest
Starting age
Dark Age
Ending age
Imperial Age
RankedLock teamsTeams togetherTeam positionsShared explorationLock speedFull tech treeHidden civsTurbo modeCheats
Victory
Defeat
🇺🇸 Danes · United States
870
+15
🇹🇷 Portuguese · Türkiye
858
-15
HoraryCase23899
8:13 Loom
11:08 Feudal Age
11:40 Double-Bit Axe
12:29 Fishing Lines
22:09 Castle Age
20:49 Fletching
21:00 Padded Archer Armor
22:37 Crossbowman
23:23 Thumb Ring
23:34 Bloodlines
23:35 Scale Barding Armor
24:02 Gillnets
25:32 Bodkin Arrow
26:27 Forging
26:38 Chain Barding Armor
26:30 Husbandry
29:05 Medium Warships
Fireballa9
8:40 Loom
11:42 Feudal Age
17:51 Castle Age
15:56 Double-Bit Axe
15:55 Horse Collar
16:11 Gold Mining
16:15 Stone Mining
16:40 Fishing Lines
20:08 Gillnets
20:44 Bow Saw
22:47 Wheelbarrow
23:04 Medium Warships
23:38 Heavy Plow
30:04 Hand Cart
Connection lost

Rejoining the realm…

Still unreachable

The connection could not be restored.

Session expired

The server has moved on; the page needs a fresh start.